 Dungeon Crawl Stone Soup version 0.21-a0-633-g4c047d5 (webtiles) character file.

11 Alarkh the Slasher (level 2, 24/24 HPs)
             Began as a Demonspawn Berserker on Dec 28, 2017.
             Was a Follower of Trog.
             Got out of the dungeon alive.
             The game lasted 00:00:18 (288 turns).

Alarkh the Slasher (Demonspawn Berserker)            Turns: 288, Time: 00:00:19

Health: 24/24      AC:  4    Str: 17    XL:     2   Next: 13%
Magic:  2/2        EV: 12    Int:  8    God:    Trog [*.....]
Gold:   28         SH:  0    Dex: 12    Spells: 1/1 levels left

rFire    . . .     SeeInvis .   a - +0 falchion
rCold    . . .     Gourm    .   (no shield)
rNeg     . . .     Faith    .   b - +0 animal skin
rPois    .         Spirit   .   (no helmet)
rElec    .         Reflect  .   (no cloak)
rCorr    .         Harm     .   (no gloves)
MR       .....                  (no boots)
Stlth    +.........             (no amulet)
HPRegen  0.08/turn              (no ring)
MPRegen  0.08/turn              (no ring)

@: no status effects
A: yellow scales 1
a: Berserk, Burn Spellbooks, Renounce Religion


You escaped.
You worshipped Trog.
Trog was aware of your devotion.
You were not hungry.

You visited 1 branch of the dungeon, and saw 1 of its levels.

You collected 28 gold pieces.

Inventory:

Hand Weapons
 a - a +0 falchion (weapon)
Armour
 b - a +0 animal skin (worn)
Comestibles
 c - 2 rations
 d - 5 chunks of flesh


   Skills:
 - Level 3.0 Fighting
 + Level 3.3 Long Blades
 - Level 1.7 Armour
 - Level 1.7 Dodging


You had one spell level left.
You didn't know any spells.

Dungeon Overview and Level Annotations

Branches:
Dungeon (1/15)

Altars:


Innate Abilities, Weirdness & Mutations

You are partially covered in yellow scales. (AC +2)


Message History

You see here 13 stones.
The felid hisses angrily.
There is an open door here.
The kobold shouts!
The orc shouts!
The troll shouts!
The spriggan shouts!
The naga shouts!
The draconian roars!
The elf shouts!
The tengu shouts!
The demigod shouts!
The octopode shouts!
The human shouts!
The dwarf shouts!
The halfling shouts!
The vine stalker shouts!
The minotaur bellows!
The formicid twitches its antennae in your direction.
The centaur shouts!
There is an open door here.
There is a staircase leading out of the dungeon here.
Are you sure you want to leave the Dungeon?
This will make you lose the game!
You have escaped!

###.###
#O#.#H#
###.###
#a#.#m#
###.###
#c#.#9#
###'###
#...#
#.@.#
#####


There were no monsters in sight!

Vanquished Creatures
  A dart slug (D:1)
  A bat (D:1)
  2 giant cockroaches (D:1)
  A goblin (D:1)
  4 rats (D:1)
9 creatures vanquished.

Notes
Turn   | Place    | Note
-------+----------+-------------------------------------------
     0 | D:1      | Alarkh the Demonspawn Berserker began the quest for the Orb.
     0 | D:1      | Reached XP level 1. HP: 18/18 MP: 1/1
     2 | D:1      | Noticed a gargoyle
     3 | D:1      | Noticed a centaur
     5 | D:1      | Noticed a formicid
     5 | D:1      | Noticed a merfolk
     7 | D:1      | Noticed an ogre
     7 | D:1      | Noticed a minotaur
     9 | D:1      | Noticed a halfling
     9 | D:1      | Noticed a vine stalker
    11 | D:1      | Noticed a ghoul
    11 | D:1      | Noticed a dwarf
    13 | D:1      | Noticed an octopode
    13 | D:1      | Noticed a human
    15 | D:1      | Noticed a tengu
    15 | D:1      | Noticed a demigod
    17 | D:1      | Noticed an elf
    17 | D:1      | Noticed a draconian
    19 | D:1      | Noticed a vampire
    19 | D:1      | Noticed a naga
    21 | D:1      | Noticed a demonspawn
    23 | D:1      | Noticed a spriggan
    25 | D:1      | Noticed a troll
    27 | D:1      | Noticed a felid
   203 | D:1      | Gained mutation: You are partially covered in yellow scales. (AC +2) [demonic ancestry]
   203 | D:1      | Reached XP level 2. HP: 21/24 MP: 2/2
   288 | D:$      | Got out of the dungeon alive.

Vault maps used:
D:1:      kb_arrival_jail

Skill      XL: |  1 |
---------------+----+-----
Long Blades    | 3 |  3.3
Fighting       | |  3.0
Armour         | |  1.7
Dodging        | |  1.7

Action                   || total
-------------------------++-------
Melee: Falchion          ||    22
Armor: Animal skin       ||     1
Dodge: Dodged            ||    17
       Rpst.: Falchion   ||     6

Table legend:
 A = Spawn XP
 B = Non-spawn XP
 C = Spawn XP percentage of total XP
 D = Spawn monster count
 E = Non-spawn monster count
 F = Spawn count percentage of total count
 G = Total turns spent on level
                    A         B        C        D         E        F      G
               +---------+---------+-------+---------+---------+-------+---------
         Total |       0 |      16 |   0.0 |       0 |       9 |   0.0 |   288
               +---------+---------+-------+---------+---------+-------+---------
           D:1 |       0 |      16 |   0.0 |       0 |       9 |   0.0 |   288
               +---------+---------+-------+---------+---------+-------+---------
